 Dungeon Crawl Stone Soup version 0.31.0-9-g3a7656b989 (webtiles) character file.

Game seed: 14190573204828734509

1397 qw the Skirmisher (level 8, -2/28 (46) HPs)
             Began as a Deep Elf Hunter on Feb 2, 2024.
             Was an Initiate of Okawaru.
             Slain by Duvessa
             ... wielding a +1 short sword of draining
              (5 damage)
             ... on level 5 of the Dungeon.
             The game lasted 00:00:27 (5368 turns).

qw the Skirmisher (Deep Elf Hunter)                 Turns: 5368, Time: 00:00:29

HP:   -2/28 (46)    AC: 12    Str: 10    XL:     8   Next: 41%
MP:   8/11          EV: 17    Int: 15    God:    Okawaru [......]
Gold: 237           SH:  0    Dex: 24    Spells: 7/7 levels left

rFire   . . .        a - +0 shortbow
rCold   . . .        (shield currently unavailable)
rNeg    . . .        i - +0 ring mail
rPois   .            b - +2 hat
rElec   .            (no cloak)
rCorr   .            e - +2 pair of gloves
SInv    +            g - +0 pair of boots
Will    .....        (no amulet)
Stlth   +++          j - +6 ring of dexterity
HPRegen 0.24/turn    k - ring of see invisible
MPRegen 0.12/turn

%: no passive effects
@: heroic, very heavily drained
A: no striking features
a: Renounce Religion


You were on level 5 of the Dungeon.
You worshipped Okawaru.
Okawaru was noncommittal.
You visited 1 branch of the dungeon, and saw 5 of its levels.
You also visited: Ossuary.

You collected 312 gold pieces.
You spent 75 gold pieces at shops.


   Skills:
 - Level 3.0(8.0) Fighting
 - Level 12.8(17.8) Ranged Weapons
 - Level 1.1(6.1) Armour
 + Level 4.3(9.3) Dodging
 - Level 1.2(6.2) Stealth
 - Level 1.7 Invocations


You had 7 spell levels left.
You didn't know any spells.
Your spell library was empty.

Inventory:

Hand Weapons
 a - a +0 shortbow (weapon)
Armour
 b - a +2 hat (worn)
 e - a +2 pair of gloves (worn)
 g - a +0 pair of boots (worn)
 i - a +0 ring mail (worn)
Jewellery
 j - a +6 ring of dexterity (left hand)
 k - a ring of see invisible (right hand)
 o - a ring of resist corrosion
Wands
 l - a wand of paralysis (5)
Potions
 h - 3 potions of curing
 m - a potion of enlightenment
 n - a potion of might
 p - 2 potions of resistance

Dungeon Overview and Level Annotations

Branches:
Dungeon (5/15)             Temple (0/1) D:5         Ossuary (visited)

Altars:
Cheibriados
Dithmenos
Kikubaaqudgha
Nemelex Xobeh
Okawaru
Trog
Vehumet
Zin

Shops:
D:2 *

Annotations:
D:5 Duvessa


Message History

Dowan misses you. Duvessa misses you.
You shoot an arrow. The arrow hits Dowan.
Dowan is heavily wounded.
Dowan completely misses you. Duvessa barely misses you.
You shoot an arrow. The arrow hits Dowan.
Dowan is heavily wounded.
Dowan hits you but does no damage. Duvessa closely misses you.
You shoot an arrow. The arrow hits Dowan.
Dowan is heavily wounded.
Dowan closely misses you. Duvessa hits you but does no damage.
You feel drained.
You shoot an arrow. The arrow closely misses Dowan.
Dowan hits you but does no damage. Duvessa barely misses you.
You shoot an arrow. The arrow hits Dowan.
Dowan is severely wounded.
Dowan closely misses you. Duvessa closely misses you.
You shoot an arrow.
The arrow hits Dowan but does no damage.
Dowan is severely wounded.
Dowan hits you with a +0 dagger. Duvessa closely misses you.
You shoot an arrow. The arrow hits Dowan!
You kill Dowan!
Okawaru accepts your kill.
Duvessa weeps, and shakes her weapon.
Duvessa goes berserk!
Duvessa hits you but does no damage.
You feel drained.
5365 ||| INVOKING Heroism.
You gain the combat prowess of a mighty hero.
You can no longer gain great but temporary skills.
Duvessa misses you.
You shoot an arrow. The arrow hits Duvessa!
Duvessa is lightly wounded.
Duvessa completely misses you.
You shoot an arrow. The arrow hits Duvessa.
Duvessa is moderately wounded.
Duvessa closely misses you. Duvessa misses you.
You shoot an arrow. The arrow hits Duvessa.
Duvessa is moderately wounded.
Duvessa hits you with a +1 short sword of draining!
You feel drained.
You die...

##### ######### ....#
#........ ....#
#$....... ....#
#@)...... ....#
#.e...... ....#
#........ ...[######
>...).... ....#....#
.........
....#....#######........
#####....#.....#........
.........#.###.#........
...##....#.#.#.#


You could see Duvessa (berserk).

Vanquished Creatures
  A steam dragon (D:4)
  3 ogres (D:5)
  2 elf zombies (Ossuary)
  A weeping skull (Ossuary)
  2 burial acolytes (Ossuary)
  Dowan (D:5)
  2 jellies (D:5)
  A bombardier beetle (D:3)
  2 gnoll boudas
  An orc priest (D:5)
  2 hounds (D:5)
  4 iguanas
  4 hound zombies (Ossuary)
  3 mummies
  10 gnolls
  5 adders
  A ribbon worm (D:2)
  5 dart slugs
  9 orcs
  11 endoplasms
  5 giant cockroaches
  3 gnoll zombies (Ossuary)
  7 hobgoblins
  3 jackals (D:2)
  2 quokkas
  8 ball pythons
  2 bats
  6 frilled lizards
  5 goblins
  8 kobolds
  5 orc zombies (Ossuary)
  4 rats
128 creatures vanquished.

Notes
Turn   | Place    | Note
-------+----------+-------------------------------------------
     0 | D:1      | qw the Deep Elf Hunter began the quest for the Orb.
     0 | D:1      | Reached XP level 1. HP: 12/12 MP: 3/3
     0 | D:1      | 0 ||| qw: Version: 0.3-a-155-g5e7d8dd
     0 | D:1      | 0 ||| qw: Game counter: 2241
     0 | D:1      | 0 ||| qw: Melee chars always use a shield: true
     0 | D:1      | 0 ||| qw: God list: Okawaru
     0 | D:1      | 0 ||| qw: Allow faded altars: false
     0 | D:1      | 0 ||| qw: Do Orc after clearing Dungeon:15 true
     0 | D:1      | 0 ||| qw: Do second Lair branch before Depths: true
     0 | D:1      | 0 ||| qw: Lair rune preference: random
     0 | D:1      | 0 ||| qw: Goals: Normal
     0 | D:1      | 0 ||| PLANNING D:1-11
   102 | D:1      | Reached skill level 6 in Ranged Weapons
   102 | D:1      | Reached XP level 2. HP: 9/16 MP: 4/4
   169 | D:1      | 169 ||| UPGRADING to +0 pair of gloves.
   566 | D:1      | 566 ||| UPGRADING to +6 ring of dexterity.
   567 | D:1      | 567 ||| READING 2 scrolls labelled IPNAXU TEHU.
   568 | D:1      | 568 ||| READING scroll labelled HUGERGHAAMP.
   573 | D:1      | 573 ||| DROPPING scroll of butterflies.
   574 | D:1      | 574 ||| DROPPING scroll of immolation.
   698 | D:2      | Found Nuologia's Assorted Antiques.
   702 | D:2      | 702 ||| BUYING fuming golden potion (23 gold).
   702 | D:2      | Bought a fuming golden potion for 23 gold pieces
   702 | D:2      | 702 ||| SHOPLISTING scratched glass ring (130 gold, have
                  | 72).
   702 | D:2      | 702 ||| BUYING scroll labelled BEAZXO BIPAKHU (26 gold).
   702 | D:2      | Bought a scroll labelled BEAZXO BIPAKHU for 26 gold pieces
   702 | D:2      | 702 ||| BUYING scroll labelled YRASTR WOFIM (26 gold).
   702 | D:2      | Bought a scroll labelled YRASTR WOFIM for 26 gold pieces
   702 | D:2      | 702 ||| SHOPLISTING scroll labelled ZOFFUI HEH JUS (26
                  | gold, have 20).
   702 | D:2      | 702 ||| SHOPLISTING viscous ruby potion (23 gold, have 20).
   860 | D:2      | Reached XP level 3. HP: 18/20 MP: 5/5
   962 | D:2      | Reached skill level 7 in Ranged Weapons
  1444 | D:2      | 1444 ||| UPGRADING to +0 helmet.
  1449 | D:2      | 1449 ||| READING 2 scrolls labelled BEAZXO BIPAKHU.
  1450 | D:2      | 1450 ||| READING scroll labelled YRASTR WOFIM.
  1451 | D:2      | 1451 ||| READING scroll labelled IPTORPH SO ITI.
  1452 | D:2      | 1452 ||| READING 3 scrolls labelled XUTIRUCRESHI.
  1452 | D:2      | 1452 ||| IDENTIFYING fuming golden potion
  1453 | D:2      | 1453 ||| READING 2 scrolls of identify.
  1453 | D:2      | 1453 ||| IDENTIFYING cyan potion
  1454 | D:2      | 1454 ||| READING scroll of identify.
  1454 | D:2      | 1454 ||| IDENTIFYING fuming brown potion
  1455 | D:2      | 1455 ||| DRINKING 2 bubbling green potions.
  1456 | D:2      | 1456 ||| DROPPING potion of lignification.
  1457 | D:2      | 1457 ||| DROPPING scroll of blinking.
  1458 | D:2      | 1458 ||| DROPPING potion of brilliance.
  1459 | D:2      | 1459 ||| DROPPING potion of ambrosia.
  1534 | D:3      | Reached skill level 3 in Dodging
  1564 | D:3      | Reached XP level 4. HP: 23/25 MP: 6/6
  1606 | D:3      | 1606 ||| DROPPING +0 sling of flaming.
  1896 | D:3      | Found a snail-covered altar of Cheibriados.
  1901 | D:3      | Reached skill level 8 in Ranged Weapons
  1992 | D:3      | 1992 ||| UPGRADING to +2 hat.
  2002 | D:3      | 2002 ||| UPGRADING to +2 pair of gloves.
  2012 | D:3      | 2012 ||| DROPPING +0 pair of gloves.
  2013 | D:3      | 2013 ||| DROPPING +0 helmet.
  2014 | D:3      | 2014 ||| UPGRADING to ring of see invisible.
  2015 | D:3      | 2015 ||| READING scroll of identify.
  2015 | D:3      | 2015 ||| IDENTIFYING clear potion
  2016 | D:3      | 2016 ||| READING scroll labelled ZOFFUI HEH JUS.
  2016 | D:3      | 2016 ||| ENCHANTING +0 shortbow.
  2024 | D:4      | 2024 ||| PLANNING OSSUARY
  2102 | D:4      | 2102 ||| DROPPING +0 sling of electrocution.
  2129 | D:4      | Reached XP level 5. HP: 29/29 MP: 7/7
  2151 | D:4      | Found a sand-covered staircase.
  2153 | D:4      | 2153 ||| UPGRADING to +0 scale mail.
  2208 | D:4      | 2208 ||| DROPPING +0 leather armour.
  2209 | D:4      | 2209 ||| READING scroll labelled KIPTUJO WYUWN.
  2316 | Ossuary  | Entered an ossuary
  2351 | Ossuary  | Reached skill level 9 in Ranged Weapons
  2423 | Ossuary  | Found an ancient bone altar of Kikubaaqudgha.
  2437 | Ossuary  | Reached skill level 1 in Armour
  2587 | Ossuary  | Reached XP level 6. HP: 32/36 MP: 8/8
  2817 | Ossuary  | Reached skill level 10 in Ranged Weapons
  2834 | Ossuary  | Reached XP level 7. HP: 20/40 MP: 9/9
  2957 | Ossuary  | 2957 ||| READING 6 scrolls of identify.
  2957 | Ossuary  | 2957 ||| IDENTIFYING emerald potion
  2958 | Ossuary  | 2958 ||| READING 5 scrolls of identify.
  2958 | Ossuary  | 2958 ||| IDENTIFYING blue potion
  2959 | Ossuary  | 2959 ||| READING 4 scrolls of identify.
  2959 | Ossuary  | 2959 ||| IDENTIFYING silvery potion
  2960 | Ossuary  | 2960 ||| READING 3 scrolls of identify.
  2960 | Ossuary  | 2960 ||| IDENTIFYING yellow potion
  2961 | Ossuary  | 2961 ||| READING 2 scrolls of identify.
  2961 | Ossuary  | 2961 ||| IDENTIFYING inky potion
  2962 | Ossuary  | 2962 ||| READING scroll of identify.
  2962 | Ossuary  | 2962 ||| IDENTIFYING 2 fuming silvery potions
  2963 | Ossuary  | 2963 ||| READING scroll labelled GEUTOI RAISUI.
  2964 | Ossuary  | 2964 ||| DROPPING 2 potions of attraction.
  2965 | Ossuary  | 2965 ||| DROPPING potion of degeneration.
  2966 | Ossuary  | 2966 ||| DROPPING potion of magic.
  2968 | Ossuary  | 2968 ||| Stepping ~*~*~tactically~*~*~ (cloud).
  3107 | D:4      | 3107 ||| PLANNING D:1-11
  3203 | D:4      | Found a radiant altar of Vehumet.
  3208 | D:4      | Found a glowing silver altar of Zin.
  3208 | D:4      | Found an ancient bone altar of Kikubaaqudgha.
  3208 | D:4      | Noticed a steam dragon
  3217 | D:4      | Killed a steam dragon
  3218 | D:4      | Reached skill level 11 in Ranged Weapons
  3218 | D:4      | 3218 ||| Stepping ~*~*~tactically~*~*~ (cloud).
  3319 | D:4      | Found an iron altar of Okawaru.
  3320 | D:4      | 3320 ||| PLANNING OKAWARU WORSHIP
  3327 | D:4      | Became a worshipper of Warmaster Okawaru
  3328 | D:4      | 3328 ||| PLANNING D:1-11
  3333 | D:4      | Found a shadowy altar of Dithmenos.
  3414 | D:4      | 3414 ||| RETREEEEATING.
  3415 | D:4      | 3415 ||| RETREEEEATING.
  3416 | D:4      | 3416 ||| RETREEEEATING.
  3417 | D:4      | 3417 ||| RETREEEEATING.
  3418 | D:4      | 3418 ||| RETREEEEATING.
  3419 | D:4      | 3419 ||| RETREEEEATING.
  3422 | D:4      | HP: 7/40 [gnoll/+0 halberd[a gnoll bouda] (4)]
  3423 | D:4      | 3423 ||| DRINKING 4 potions of heal wounds.
  3432 | D:4      | HP: 7/40 [gnoll/+0 halberd[a gnoll bouda] (9)]
  3433 | D:4      | 3433 ||| DRINKING 3 potions of heal wounds.
  3445 | D:4      | HP: 7/40 [gnoll/+0 halberd[a gnoll bouda] (10)]
  3446 | D:4      | 3446 ||| DRINKING 2 potions of heal wounds.
  3449 | D:4      | 3449 ||| DRINKING potion of heal wounds.
  3556 | D:4      | Found a bloodstained altar of Trog.
  3694 | D:5      | Entered Level 5 of the Dungeon
  4064 | D:5      | Reached skill level 12 in Ranged Weapons
  4129 | D:5      | 4129 ||| RETREEEEATING.
  4134 | D:5      | Reached XP level 8. HP: 45/45 MP: 10/10
  4148 | D:5      | Reached skill level 3 in Fighting
  4148 | D:5      | 4148 ||| FLEEEEING.
  4149 | D:5      | 4149 ||| FLEEEEING.
  4150 | D:5      | 4150 ||| FLEEEEING.
  4579 | D:5      | Found a staircase to the Ecumenical Temple.
  4635 | D:5      | HP: 5/46 [ogre/+0 giant club (20)]
  4637 | D:5      | Reached * piety under Okawaru
  4950 | D:5      | Found a sparkling altar of Nemelex Xobeh.
  4959 | D:5      | Reached skill level 1 in Invocations
  5091 | D:5      | 5091 ||| UPGRADING to +0 pair of boots.
  5096 | D:5      | 5096 ||| UPGRADING to +0 ring mail.
  5106 | D:5      | 5106 ||| DROPPING +0 scale mail.
  5107 | D:5      | 5107 ||| READING scroll of identify.
  5107 | D:5      | 5107 ||| IDENTIFYING scroll labelled ROM TALUOBYEZE
  5108 | D:5      | 5108 ||| DROPPING scroll of fog.
  5236 | D:5      | Noticed Duvessa
  5236 | D:5      | Noticed Dowan
  5240 | D:5      | 5240 ||| STAIRDANCE
  5244 | D:5      | 5244 ||| STAIRDANCE
  5251 | D:5      | 5251 ||| STAIRDANCE
  5300 | D:5      | 5300 ||| STAIRDANCE
  5304 | D:5      | 5304 ||| STAIRDANCE
  5364 | D:5      | Killed Dowan
  5365 | D:5      | 5365 ||| INVOKING Heroism.
  5368 | D:5      | HP: 3/30 [Duvessa/+1 short sword of draining (12)]
  5368 | D:5      | Slain by Duvessa

Levels and vault maps discovered:
D:1:      heliophobic_arrival_ceremonial_halls, layout_loops_ring, serial_glass,
          glass_columns_a, glass_columns_c, glass_columns_a, glass_columns_b,
          glass_columns_a, glass_columns_c
D:2:      layout_loops_cross, serial_shops, shop, grunt_decor_mini_mirrors,
          minmay_tromino_v4_b
D:3:      layout_rooms, slow_altar_2, dreamdust_princess_corridor
D:4:      layout_rooms, minmay_overflow_temple_star_hex, trog_antimagical,
          gup_ossuary_entry_pyramid
D:5:      mumra_celtic_spiral_tile, layout_gridville, nemelex_dance_club_becter,
          minmay_temple_entry_junction_2, chequers_serial_rivers_small_b,
          minmay_crystal_room, minmay_misc_feat_nine_boxes, eino_tiny_chamber,
          minmay_misc_feat_diagonals, uniq_duvessa

Skill      XL: |  1  2  3  4  5  6  7  8 |
---------------+-------------------------+-----
Ranged Weapons | 6 7 8 9 10 12 | 12.8
Dodging        | 3 4 |  4.3
Armour         | 1 |  1.1
Fighting       | 2 3 |  3.0
Invocations    | 1 |  1.7
Stealth        | |  1.2

Action                     |  1- 3 |  4- 6 |  7- 9 || total
---------------------------+-------+-------+-------++-------
   Fire: Shortbow          |   112 |   181 |   215 ||   508
 Invoke: Heroism           |       |       |     1 ||     1
    Use: Scroll            |     8 |     3 |     8 ||    19
         Potion            |     1 |       |     4 ||     5
 Armour: Leather armour    |    20 |     1 |       ||    21
         Scale mail        |       |    99 |   101 ||   200
         Skin              |       |     1 |       ||     1
         Ring mail         |       |       |    21 ||    21
  Dodge: Dodged            |    15 |    67 |   103 ||   185

Table legend:
 A = Non-vault XP
 B = Vault XP
 C = Vault XP percentage of total XP
 D = Non-vault monster count
 E = Vault monster count
 F = Vault count percentage of total count
                 A         B        C        D         E       F
            +---------+---------+-------+---------+---------+-------
      Total |    1187 |     809 |  40.5 |      99 |      29 |  22.7
            +---------+---------+-------+---------+---------+-------
        D:1 |      27 |       0 |   0.0 |      16 |       0 |   0.0
        D:2 |      60 |       3 |   4.8 |      26 |       2 |   7.1
        D:3 |      57 |      42 |  42.4 |      17 |       1 |   5.6
        D:4 |     401 |      37 |   8.4 |      18 |       4 |  18.2
        D:5 |     642 |     186 |  22.5 |      22 |       3 |  12.0
    Ossuary |       0 |     541 | 100.0 |       0 |      19 | 100.0
            +---------+---------+-------+---------+---------+-------
